 Dungeon Crawl Stone Soup version 0.29.0-4-gdea44cf6ec (console) character file.

Game seed: 14656935738711210211

5097 odiv the Cleaver (level 10, -6/89 HPs)
             Began as a Minotaur Fighter on Aug 26, 2022.
             Was an Elder of Nemelex Xobeh.
             Mangled by a two-headed ogre
             ... wielding a +0 giant spiked club
              (25 damage)
             ... on level 8 of the Dungeon.
             The game lasted 00:27:35 (7576 turns).

odiv the Cleaver (Minotaur Fighter)                 Turns: 7576, Time: 00:27:36

Health: -6/89      AC: 15    Str: 31    XL:     10   Next: 32%
Magic:  13/13      EV:  8    Int:  5    God:    Nemelex Xobeh [****..]
Gold:   407        SH:  5    Dex: 10    Spells: 9/9 levels left

rFire   . . .      SeeInvis .   a - +0 war axe
rCold   . . .      Faith    .   c - +0 buckler
rNeg    . . .      Spirit   .   t - +0 chain mail
rPois   +          Reflect  .   (helmet restricted)
rElec   .          Harm     .   (no cloak)
rCorr   .          Rampage  .   G - +0 pair of gloves
Will    .....                   h - +1 pair of boots
Stlth   ..........              (no amulet)
HPRegen 0.24/turn               v - +6 ring of strength
MPRegen 0.13/turn               w - ring of poison resistance

@: no status effects
A: horns 2, retaliatory headbutt
a: Renounce Religion, Draw Escape, Draw Destruction, Draw Summoning, Triple
Draw, Deal Four


You were on level 8 of the Dungeon.
You worshipped Nemelex Xobeh.
Nemelex Xobeh was greatly pleased with you.
You visited 2 branches of the dungeon, and saw 9 of its levels.

You collected 407 gold pieces.

Inventory:

Hand Weapons
 a - a +0 war axe (weapon)
 f - a +2 short sword of flaming
 m - a +0 battleaxe
 n - a +0 shortbow
 y - a +0 trident
 C - a +1 hand axe of freezing
 E - a +2 whip of freezing
 K - a +1 glaive of venom
 M - a +0 arbalest
 N - a +2 vorpal flail
Missiles
 r - 4 curare-tipped darts
 F - a boomerang (quivered)
 H - 26 stones
Armour
 c - a +0 buckler (worn)
 h - a +1 pair of boots (worn)
 t - a +0 chain mail (worn)
 x - a +0 tower shield
 G - a +0 pair of gloves (worn)
 L - +0 acid dragon scales
Magical Staves
 I - a staff of air
Jewellery
 u - a ring of flight
 v - a +6 ring of strength (left hand)
 w - a ring of poison resistance (right hand)
 z - a ring of see invisible
 A - an amulet of magic regeneration
Wands
 q - a wand of flame (9)
 s - a wand of light (8)
 D - a wand of iceblast (4)
Scrolls
 b - 2 scrolls of enchant armour {unknown}
 d - a scroll of fear
 e - a scroll of immolation
 g - 3 scrolls of poison
 l - 3 scrolls of amnesia
 p - 2 scrolls of enchant weapon
 J - a scroll of teleportation
Potions
 i - 4 potions of curing
 k - 2 potions of heal wounds
 o - a potion of magic
 B - a potion of mutation


   Skills:
 + Level 8.3 Fighting
 + Level 11.8 Axes
 + Level 9.5 Armour
 - Level 5.0 Shields
 + Level 6.1 Invocations


You had 9 spell levels left.
You didn't know any spells.
Your spell library contained the following spells:

 Spells                   Type           Power      Damage    Failure   Level
 Magic Dart               Conj           0%         1d3       95%         1
 Call Imp                 Summ           0%         N/A       99%         2
 Searing Ray              Conj           0%         2d4       99%         2
 Sublimation of Blood     Necr           0%         N/A       99%         2
 Wereblood                Tmut           0%         N/A       99%         2
 Mephitic Cloud           Conj/Pois/Air  0%         N/A       100%        3
 Stone Arrow              Conj/Erth      0%         3d7       100%        3
 Animate Armour           Summ/Erth      0%         N/A       100%        4
 Fulminant Prism          Conj/Hex       0%         3d6       100%        4
 Summon Hydra             Summ           0%         N/A       100%        7
 Lehudib's Crystal Spear  Conj/Erth      0%         10d2      100%        8


Dungeon Overview and Level Annotations

Branches:
Dungeon (8/15)             Temple (1/1) D:6
   Lair: D:8-11

Altars:
Ashenzari
Nemelex Xobeh
Okawaru
Qazlal
Sif Muna
Trog
Uskayaw
Vehumet
Xom
Yredelemnul
The Shining One

Shops:
D:1 [

Annotations:
D:3 Sigmund
D:5 Grinder
D:7 Menkaure
D:8 2 runed translucent doors


Innate Abilities, Weirdness & Mutations

You have a pair of horns on your head.
You reflexively headbutt those who attack you in melee.


Message History

You throw a poisoned dart.
The poisoned dart hits the two-headed ogre.
The two-headed ogre is moderately wounded.
Unknown command.
Aiming: Throw Flame
Press: ? - help, Shift-Dir - straight line, f/p - two-headed ogre
Aim: a two-headed ogre, wielding a +0 giant spiked club and a +0 giant club (moderately wounded, poisoned, slow, 85% to hit)
The puff of flame hits the two-headed ogre.
The two-headed ogre is moderately wounded.
Unknown command.
Unknown command.
Throw: boomerang
Press: ? - help, Q - select action, (/) - cycle Shift-Dir - straight line, f/p - two-headed ogre
Aim: a two-headed ogre, wielding a +0 giant spiked club and a +0 giant club (moderately wounded, poisoned, slow, 75% to hit)
You throw a boomerang. The boomerang hits the two-headed ogre.
The two-headed ogre is heavily wounded.
You hit the two-headed ogre but do no damage.
You headbutt the two-headed ogre.
The two-headed ogre is heavily wounded.
The two-headed ogre barely misses you.
The two-headed ogre hits you with a +0 giant club!!
You hit the two-headed ogre but do no damage.
The two-headed ogre is heavily wounded.
You slash the two-headed ogre!
The two-headed ogre is heavily wounded.
You barely miss the two-headed ogre.
The two-headed ogre is severely wounded.
The two-headed ogre looks more healthy.
The two-headed ogre hits you with a +0 giant spiked club!!
The two-headed ogre hits you with a +0 giant club!
You hit the two-headed ogre. You headbutt the two-headed ogre!
The two-headed ogre is almost dead.
The two-headed ogre is no longer moving slowly.
You closely miss the two-headed ogre.
The two-headed ogre is almost dead.
The two-headed ogre hits you with a +0 giant spiked club!
* * * LOW HITPOINT WARNING * * *
The two-headed ogre hits you with a +0 giant club!!
You die...
Your body disappears without a glow.

...## ....
...## . ....#..
....... ......#
##.>####......#
....(.O@.......
......$........
(.....###.....#
.#...# ..#.##
#... ..## ....
..# ... .. #.#
.##


You could see a two-headed ogre.

Vanquished Creatures
  A two-headed ogre (D:6)
  Pikel (D:6)
  A deep elf pyromancer (D:8)
  Maggie (D:7)
  A hornet (D:6)
  A wyvern (D:7)
  A steam dragon (D:6)
  4 water moccasins
  2 orc warriors
  2 ice beasts
  A black bear (D:5)
  An ogre (D:4)
  2 centaurs
  A lemure (D:6)
  3 phantoms (D:6)
  4 bullfrogs
  5 scorpions
  3 wights (D:7)
  5 hounds
  2 jellies
  An orc priest (D:6)
  A gnoll bouda (D:7)
  2 iguanas
  Jessica (D:2)
  Ijyb (D:5)
  Natasha (thrice) (D:2)
  5 orc wizards
  Robin (D:3)
  4 gnolls (D:7)
  7 adders
  2 shadow imps (D:6)
  A white imp (D:7)
  2 ufetubi
  3 worms
  3 dart slugs
  22 orcs
  5 endoplasms
  A giant cockroach (D:1)
  10 hobgoblins
  10 jackals
  6 kobolds
  6 quokkas
  8 ball pythons
  5 bats
  5 frilled lizards
  13 goblins
  9 rats
179 creatures vanquished.

Vanquished Creatures (others)
  An orc (D:4)
1 creature vanquished.

Grand Total: 180 creatures vanquished

Notes
Turn   | Place    | Note
-------+----------+-------------------------------------------
     0 | D:1      | odiv the Minotaur Fighter began the quest for the Orb.
     0 | D:1      | Reached XP level 1. HP: 19/19 MP: 0/0
    36 | D:1      | Reached skill level 3 in Axes
   158 | D:1      | Found Ethrumif's Antique Armour Shoppe.
   209 | D:1      | Found a faded altar of an unknown god.
   217 | D:1      | Prayed at the altar of an unknown god.
   217 | D:1      | Became a worshipper of Nemelex Xobeh the Trickster
   217 | D:1      | Reached * piety under Nemelex Xobeh
   261 | D:1      | Reached XP level 2. HP: 26/26 MP: 1/1
   486 | D:1      | Received a gift from Nemelex Xobeh
   709 | D:2      | Noticed Natasha
   712 | D:2      | Killed Natasha
   713 | D:2      | Reached skill level 4 in Axes
   713 | D:2      | Reached XP level 3. HP: 31/31 MP: 2/2
   939 | D:2      | Noticed Natasha
   951 | D:2      | Killed Natasha
   952 | D:2      | Reached XP level 4. HP: 12/39 MP: 3/3
  1177 | D:2      | Reached ** piety under Nemelex Xobeh
  1401 | D:2      | Noticed Natasha
  1402 | D:2      | Killed Natasha
  1403 | D:2      | Reached skill level 5 in Axes
  1403 | D:2      | Reached skill level 5 in Shields
  1753 | D:3      | Reached XP level 5. HP: 44/45 MP: 4/4
  1797 | D:3      | Noticed Robin
  1801 | D:3      | Killed Robin
  2119 | D:3      | Reached skill level 6 in Axes
  2366 | D:3      | Noticed Sigmund
  2376 | D:2      | Noticed Jessica
  2383 | D:2      | Killed Jessica
  2520 | D:4      | Reached XP level 6. HP: 44/51 MP: 5/5
  2686 | D:4      | Reached skill level 7 in Axes
  2890 | D:5      | Entered Level 5 of the Dungeon
  3016 | D:5      | Reached skill level 8 in Axes
  3080 | D:5      | Noticed a water moccasin
  3090 | D:5      | Killed a water moccasin
  3091 | D:5      | Reached XP level 7. HP: 57/57 MP: 6/6
  3121 | D:5      | Reached skill level 5 in Armour
  3161 | D:5      | Noticed Ijyb
  3186 | D:5      | Killed Ijyb
  3225 | D:5      | Reached skill level 9 in Axes
  3339 | D:5      | Reached *** piety under Nemelex Xobeh
  3368 | D:5      | Noticed Grinder
  3370 | D:5      | Paralysed by Grinder for 5 turns
  3539 | D:4      | Found a broken altar of Ashenzari.
  4105 | D:6      | Reached XP level 8. HP: 66/66 MP: 7/7
  4114 | D:6      | Reached skill level 1 in Invocations
  4272 | D:6      | Noticed Pikel
  4803 | D:6      | Found a basalt altar of Yredelemnul.
  4872 | D:6      | Found a staircase to the Ecumenical Temple.
  4878 | D:6      | Received a gift from Nemelex Xobeh
  4887 | Temple   | Entered the Ecumenical Temple
  4932 | D:6      | Reached skill level 5 in Fighting
  4953 | D:6      | Reached skill level 10 in Axes
  4963 | D:6      | Found a glowing golden altar of the Shining One.
  4978 | D:6      | Killed Pikel
  4979 | D:6      | Reached XP level 9. HP: 72/75 MP: 10/10
  5292 | D:6      | Noticed a two-headed ogre
  5300 | D:6      | Killed a two-headed ogre
  5301 | D:6      | Reached skill level 11 in Axes
  5755 | D:7      | Noticed Menkaure
  5806 | D:7      | Noticed Maggie
  5818 | D:7      | Killed Maggie
  5819 | D:7      | Reached skill level 5 in Invocations
  6380 | D:7      | Reached **** piety under Nemelex Xobeh
  6412 | D:7      | Reached XP level 10. HP: 84/88 MP: 13/13
  6753 | D:7      | Received a gift from Nemelex Xobeh
  7406 | D:8      | Found a large runed translucent door.
  7407 | D:8      | Found a large runed translucent door.
  7459 | D:8      | Noticed a deep elf pyromancer
  7474 | D:8      | Killed a deep elf pyromancer
  7495 | D:8      | Noticed a cyclops
  7562 | D:8      | Noticed a two-headed ogre
  7576 | D:8      | Mangled by a two-headed ogre

Illustrated notes

Levels and vault maps discovered:
D:1:      minmay_arrival_diagonal_passages, layout_basic,
          basic_ecumenical_altar, serial_shops, shop,
          chequers_serial_rivers_room_a
D:2:      layout_loops_ring, uniq_jessica, uniq_natasha
D:3:      layout_loops_ring, serial_glass, glass_columns_c, glass_columns_b,
          glass_columns_a, glass_columns_a, glass_columns_a, minmay_bisected,
          uniq_robin, uniq_sigmund
D:4:      layout_loops_ring, nicolae_ashenzari_skybound
D:5:      layout_loops_ring, uniq_grinder, uniq_ijyb
D:6:      layout_basic, mainiacjoe_overflow_24_doors,
          mainiacjoe_overflow_brackets, minmay_temple_entry_trees, uniq_pikel
D:7:      layout_basic, serial_rivers, chequers_serial_rivers_micro_e,
          chequers_serial_rivers_micro_e, chequers_serial_rivers_small_3,
          chequers_serial_rivers_micro_b, chequers_serial_rivers_small_a,
          chequers_serial_rivers_marsh, hangedman_decor_growths, uniq_maggie,
          uniq_menkaure
D:8:      layout_cave_pools, jmf_multi_god_temple2, lair_entry_dummy,
          minmay_manual_mandibuliform
Temple:   hellmonk_temple_two_chambers

Skill      XL: |  1  2  3  4  5  6  7  8  9 10 |
---------------+-------------------------------+-----
Axes           | 3 4 5 6 8 9 10 11 | 11.8
Shields        | 4 5 |  5.0
Armour         | 4 6 7 9 |  9.5
Fighting       | 5 7 8 |  8.3
Invocations    | 3 5 6 |  6.1

Action                   |  1- 3 |  4- 6 |  7- 9 | 10-12 || total
-------------------------+-------+-------+-------+-------++-------
Melee: Short sword       |    80 |   149 |    23 |       ||   252
       War axe           |    12 |       |    94 |    55 ||   161
       Headbutt          |    12 |    21 |    36 |     9 ||    78
       Hand axe          |       |    37 |    73 |       ||   110
       Trident           |       |       |     3 |       ||     3
Throw: Dart              |     1 |    24 |     6 |    10 ||    41
       Stone             |       |    11 |     3 |     4 ||    18
       Boomerang         |       |       |    42 |     2 ||    44
Invok: Draw Destruction  |     2 |     1 |       |       ||     3
       Draw Escape       |       |       |     1 |       ||     1
Evoke: Wand              |       |     1 |    11 |     3 ||    15
  Use: Potion            |     1 |     1 |     4 |       ||     6
       Scroll            |       |       |    14 |       ||    14
Armor: Scale mail        |    46 |    68 |    18 |       ||   132
       Chain mail        |       |       |    72 |    20 ||    92
Dodge: Dodged            |    30 |    67 |    59 |    18 ||   174
Block: Buckler           |    13 |    32 |    46 |    10 ||   101
